 Dungeon Crawl Stone Soup version 0.31-a0-233-g139696dc86 (webtiles) character file.

Game seed: 13084818570859955656

92 qw the Shooter (level 4, -1/26 HPs)
             Began as a Gargoyle Hexslinger on July 8, 2023.
             Slain by Terence
             ... wielding a +0 flail of draining
              (4 damage)
             ... on level 2 of the Dungeon.
             The game lasted 00:00:42 (1331 turns).

qw the Shooter (Gargoyle Hexslinger)                Turns: 1331, Time: 00:00:43

Health: -1/26      AC:  8    Str: 12    XL:     4   Next: 60%
Magic:  5/5        EV: 10    Int: 13    God:
Gold:   66         SH:  0    Dex: 14    Spells: 4/5 levels left

rFire   . . .        Y - +1 sling
rCold   . . .        (no shield)
rNeg    + . .        h - +0 ring mail
rPois   inf          (no helmet)
rElec   +            (no cloak)
rCorr   .            (no gloves)
SInv    .            (no boots)
Will    .....        (no amulet)
Stlth   +            (no ring)
HPRegen 0.24/turn    (no ring)
MPRegen 0.09/turn

%: no passive effects
@: no status effects
A: sickness immunity, AC +3, negative energy resistance 1, electricity
resistance, torment resistance 1, petrification resistance
a: no special abilities


You were on level 2 of the Dungeon.
You visited 1 branch of the dungeon, and saw 2 of its levels.

You collected 66 gold pieces.


Innate Abilities, Weirdness & Mutations

You are immune to sickness and miasma.
Your stone body is resilient. (AC +3)
You are immune to poison.
You resist negative energy. (rN+)
You are resistant to electric shocks. (rElec)
You are resistant to unholy torment.
You are immune to petrification.


   Skills:
 - Level 2.2 Fighting
 + Level 4.0 Ranged Weapons
 - Level 1.2 Armour
 - Level 1.5 Dodging
 - Level 1.0 Spellcasting
 - Level 2.6 Hexes


You had 4 spell levels left.
You knew the following spells:

 Your Spells              Type           Power      Damage    Failure   Level
a - Slow                  Hex            28%        N/A       22%         1

Your spell library contained the following spells:

 Spells                   Type           Power      Damage    Failure   Level
 Inner Flame              Hex/Fire       4%         N/A       73%         3
 Portal Projectile        Hex/Tloc       8%         N/A       73%         3
 Cause Fear               Hex            3%         N/A       91%         4

Inventory:

Hand Weapons
 Y - a +1 sling (weapon)
Armour
 c - a +1 pair of gloves
 h - a +0 ring mail (worn)
Scrolls
 a - 3 scrolls of identify
 e - a scroll of teleportation {unknown}
Potions
 b - 2 potions of lignification {unknown}
 d - 4 potions of curing
 f - a potion of ambrosia {unknown}
 j - a potion of degeneration {unknown}

Dungeon Overview and Level Annotations

Branches:
Dungeon (2/15)

Altars:
Wu Jian

Annotations:
D:2 Terence


Message History

Terence screams, "I'm going to kill you!"
Terence closely misses you.
You shoot a sling bullet. The sling bullet barely misses Terence.
Terence closely misses you.
You shoot a sling bullet.
The sling bullet hits Terence but does no damage.
Terence is moderately wounded.
Terence closely misses you.
You shoot a sling bullet. The sling bullet hits Terence.
Terence is moderately wounded.
Terence barely misses you. Terence shouts, "Now you die!"
Terence hits you but does no damage.
You shoot a sling bullet. The sling bullet barely misses Terence.
Terence hits you but does no damage.
You shoot a sling bullet.
The sling bullet hits Terence but does no damage.
Terence is moderately wounded.
Terence barely misses you.
You shoot a sling bullet. The sling bullet barely misses Terence.
Terence hits you with a +0 flail of draining.
Terence says, "Did you write a will?
You should..."
Terence hits you with a +0 flail of draining.
You shoot a sling bullet. The sling bullet hits Terence.
Terence is moderately wounded.
Terence hits you with a +0 flail of draining.
You shoot a sling bullet. The sling bullet hits Terence.
Terence is heavily wounded.
Terence barely misses you.
You shoot a sling bullet. The sling bullet barely misses Terence.
Terence hits you with a +0 flail of draining.
You shoot a sling bullet. The sling bullet hits Terence.
Terence is severely wounded.
Terence closely misses you. Terence barely misses you.
You shoot a sling bullet.
The sling bullet hits Terence but does no damage.
Terence is severely wounded.
Terence says, "Don't bother to defend, it's senseless."
Terence hits you with a +0 flail of draining.
You die...

.....# #.#..#####..#
.....#####..#.# ##.#
........###.#.# ####.#####
.....##<###.#.###........#
.......%.................#
.....###..#.#..##........#
......###.#.##.##........#
.................#########
.....###.......#@# .....#
#........@.....# .....#
#..............# ....##
#..............# ...##
.............# .###
####.........# .#
#.........# .# #.........#
##


You could see Terence.

Vanquished Creatures
  2 gnolls (D:1)
  2 adders
  3 dart slugs
  2 worms (D:2)
  3 bats
  3 endoplasms (D:1)
  A goblin (D:1)
  8 hobgoblins
  2 quokkas
  6 ball pythons
  4 frilled lizards
  7 kobolds
  A rat (D:1)
44 creatures vanquished.

Notes
Turn   | Place    | Note
-------+----------+-------------------------------------------
     0 | D:1      | qw the Gargoyle Hexslinger began the quest for the Orb.
     0 | D:1      | Reached XP level 1. HP: 12/12 MP: 2/2
     0 | D:1      | 0 ||| qw: Version: 0.3-a-46-gb1f654a
     0 | D:1      | 0 ||| qw: Game counter: 3588
     0 | D:1      | 0 ||| qw: Melee chars always use a shield: true
     0 | D:1      | 0 ||| qw: God list: Okawaru
     0 | D:1      | 0 ||| qw: Allow faded altars: false
     0 | D:1      | 0 ||| qw: Do Orc after clearing Dungeon:15 true
     0 | D:1      | 0 ||| qw: Do second Lair branch before Depths: true
     0 | D:1      | 0 ||| qw: Lair rune preference: random
     0 | D:1      | 0 ||| qw: Goals: Normal
     0 | D:1      | 0 ||| PLANNING D:1-11
   141 | D:1      | Reached XP level 2. HP: 16/16 MP: 3/3
   206 | D:1      | Reached skill level 3 in Ranged Weapons
   262 | D:1      | Reached XP level 3. HP: 21/21 MP: 4/4
   907 | D:1      | 907 ||| UPGRADING to +0 ring mail.
   917 | D:1      | 917 ||| DROPPING +0 robe.
   918 | D:1      | 918 ||| READING 2 scrolls labelled ICHOED GORAD.
   919 | D:1      | 919 ||| READING scroll labelled ITANUILE PECH.
   920 | D:1      | 920 ||| READING scroll labelled ILIWUL LASUSOA.
   921 | D:1      | 921 ||| DRINKING 3 fizzy orange potions.
   922 | D:1      | 922 ||| DROPPING scroll of poison.
   970 | D:2      | 970 ||| STAIRDANCE
  1019 | D:2      | 1019 ||| STAIRDANCE
  1023 | D:1      | Reached XP level 4. HP: 22/26 MP: 5/5
  1048 | D:2      | 1048 ||| STAIRDANCE
  1091 | D:2      | Found an ornate altar of the Wu Jian Council.
  1122 | D:2      | Reached skill level 4 in Ranged Weapons
  1239 | D:2      | Reached skill level 1 in Armour
  1308 | D:2      | Noticed Terence
  1318 | D:2      | HP: 6/26 [Terence/+0 flail of draining (10)]
  1326 | D:2      | HP: 6/26 [Terence/+0 flail of draining (3)]
  1331 | D:2      | Slain by Terence

Levels and vault maps discovered:
D:1:      lemuel_arrival_broad_hall, layout_basic
D:2:      layout_rooms, serial_shops, nicolae_shop_bloodbath_and_beyond,
          supply_closet_lemuel, minmay_hexomino_r4, uniq_terence

Skill      XL: |  1  2  3  4 |
---------------+-------------+-----
Ranged Weapons | 3 4 |  4.0
Fighting       | 2 |  2.2
Armour         | 1 |  1.2
Dodging        | |  1.5
Spellcasting   | |  1.0
Hexes          | |  2.6

Action                     |  1- 3 |  4- 6 || total
---------------------------+-------+-------++-------
   Fire: Sling             |   108 |    88 ||   196
    Use: Scroll            |     3 |       ||     3
         Potion            |     1 |       ||     1
 Armour: Robe              |    14 |       ||    14
         Ring mail         |    10 |    21 ||    31
  Dodge: Dodged            |    40 |    46 ||    86

Table legend:
 A = Non-vault XP
 B = Vault XP
 C = Vault XP percentage of total XP
 D = Non-vault monster count
 E = Vault monster count
 F = Vault count percentage of total count
                 A         B        C        D         E       F
            +---------+---------+-------+---------+---------+-------
      Total |     110 |      22 |  16.7 |      41 |       3 |   6.8
            +---------+---------+-------+---------+---------+-------
        D:1 |      74 |      18 |  19.6 |      29 |       2 |   6.5
        D:2 |      36 |       4 |  10.0 |      12 |       1 |   7.7
            +---------+---------+-------+---------+---------+-------
